Map: Tours du crépuscule

Players

awesomebob

  • Race: Zerg Zerg
  • League: Silver
  • Spawn Location: 7:00

zidar - Winner!

  • Race: Zerg Zerg
  • League: Silver
  • Spawn Location: 1:00

VOD

Have the link to the VOD?

Description

Time

  • Played on: Nov. 17, 2015, 3 p.m.
  • Length: 8:06
Show
View Real Time Build Order
Export as new Build Order

awesomebob Zerg 

Build Orders: Pool First 

Get SALT Encoding   

  12  0:01  Drone  
  13  0:13  Overlord  
  13  0:19  Drone  
  14  0:31  Drone x2  
  14  0:35  Drone  
  17  0:50  Spawning Pool  
  17  0:53  Extractor, Drone  
  17  0:57  Drone  
  17  1:07  Drone  
  18  1:21  Drone  
  19  1:29  Drone  
  20  1:36  Queen  
  20  1:39  Overlord  
  22  1:58  Overlord  
  22  2:03  Zergling x2  
  23  2:13  Zergling x2  
  24  2:25  Metabolic Boost  
  24  2:53  Zergling x2  
  24  2:54  Zergling x10  
  30  3:07  Spine Crawler  
  30  3:08  Overlord, Spine Crawler  
  28  3:35  Zergling x4  
  30  3:49  Zergling x4  
  32  3:56  Zergling x4  
  32  3:57  Zergling x2  
  29  4:45  Hatchery  
  28  4:46  Drone x3  
  28  4:50  Hatchery  
  30  4:58  Drone x3  
  33  5:25  Extractor  
  32  5:32  Drone  
  32  5:33  Drone x2  
  32  5:34  Overlord  
  35  5:50  Lair  
  26  6:41  Roach Warren  
  26  6:42  Drone x3  
  26  6:44  Drone  
  26  6:45  Drone x2  
  31  6:57  Queen  
  31  6:58  Queen  
  35  7:13  Overlord x2  
  35  7:25  Roach  
  35  7:26  Roach x10  
  57  7:35  Roach x8  
Show
View Real Time Build Order
Export as new Build Order

zidar Zerg - Winner!

Build Orders: Pool First 

Get SALT Encoding   

  12  0:02  Drone  
  13  0:09  Drone  
  14  0:17  Overlord  
  14  0:22  Extractor  
  14  0:23  Drone  
  15  0:35  Drone x2  
  17  0:47  Spawning Pool  
  17  0:49  Drone  
  17  0:53  Extractor  
  16  0:58  Drone  
  17  1:19  Hatchery  
  17  1:24  Drone  
  17  1:25  Drone  
  18  1:33  Overlord  
  18  1:46  Queen  
  20  1:50  Drone  
  20  1:53  Drone  
  22  2:11  Zergling x2  
  23  2:17  Roach Warren  
  23  2:21  Extractor  
  21  2:35  Queen  
  22  2:57  Roach x6  
  34  3:01  Roach  
  36  3:10  Overlord  
  36  3:25  Overlord  
  36  3:26  Overlord  
  36  3:31  Roach  
  36  3:32  Roach  
  40  3:36  Drone  
  41  3:42  Metabolic Boost  
  41  3:50  Drone x2  
  43  4:13  Drone  
  43  4:14  Drone x6  
  49  4:28  Roach  
  49  4:29  Roach x2  
  55  4:45  Drone x4  
  59  4:52  Lair  
  59  5:01  Overlord x2  
  59  5:03  Overlord  
  59  5:19  Ravager  
  59  5:20  Ravager  
  59  5:21  Ravager  
  62  5:31  Extractor  
  62  5:32  Extractor  
  60  5:37  Drone  
  60  5:38  Drone x4  
  65  5:48  Roach x4  
  65  5:49  Roach, Hatchery  
  70  6:47  Roach x6  
  72  6:50  Overlord x2  
  72  6:51  Overlord x2  
  82  7:08  Queen  
  84  7:25  Roach  
  84  7:26  Roach x9  
  84  7:27  Roach  
Tags
 
Add a new tag
Caveats
  • Supply blocks, unpowered buildings, or Contaminate may cause inaccurate times.
  • Supply counts are checked every 10 seconds.